 Dungeon Sprint DCSS version 0.31-a0-536-ga3e2962e35 (webtiles) character file.

Game seed: 17322824216729268882

1871 Conn the Arsonist (level 9, -5/58 HPs)
             Began as an Octopode Fire Elementalist on Aug 13, 2023.
             Was a Priest of Sif Muna.
             Slain by a rakshasa
             ... wielding a +0 trident
              (16 damage)
             ... in the Dungeon (Sprint IX: "|||||||||||||||||||||||||||||").
             The game lasted 00:06:35 (501 turns).

Conn the Arsonist (Octopode Fire Elementalist)       Turns: 501, Time: 00:06:36

Health: -5/58      AC:  1    Str: 10    XL:     9   Next: 13%
Magic:  0/7        EV: 17    Int: 26    God:    Sif Muna [***...]
Gold:   0          SH:  0    Dex: 16    Spells: 13/26 levels left

rFire   + . .        h - +2 rapier of the Nurturing Traitor {antimagic, rF+ rN+ Int+5}
rCold   . . .        (no shield)
rNeg    + . .        (helmet restricted)
rPois   .            (no amulet)
rElec   .            i - +3 ring of strength
rCorr   .            j - +3 ring of dexterity
SInv    .            (no ring)
Will    .....        (no ring)
Stlth   +++++        (no ring)
HPRegen 0.29/turn    (no ring)
MPRegen 0.10/turn    (no ring)
                     (no ring)

%: no teleportation
@: no status effects
A: almost no armour, amphibious, 8 rings, camouflage 1, gelatinous body 1,
(nimble swimmer 1), tentacles
a: Renounce Religion, Channel Magic, Forget Spell


You were in the Dungeon.
You worshipped Sif Muna.
Sif Muna was most pleased with you.
You visited 1 branch

Inventory:

Hand Weapons
 h - the +2 rapier of the Nurturing Traitor (weapon) {antimagic, rF+ rN+ Int+5}
   (You found it in the Dungeon)

   Int+5:     It affects your intelligence (+5).
   rF+:       It protects you from fire.
   rN+:       It protects you from negative energy.
Jewellery
 i - a +3 ring of strength (left tentacle)
 j - a +3 ring of dexterity (right tentacle)
Scrolls
 e - 2 scrolls of amnesia
 f - 2 scrolls of blinking
Potions
 a - 4 potions of magic
 d - 4 potions of curing


   Skills:
 + Level 3.7 Fighting
 + Level 7.9 Dodging
 - Level 7.1 Stealth
 + Level 7.1 Unarmed Combat
 + Level 9.0 Spellcasting
 + Level 3.5 Conjurations
 + Level 1.8 Hexes
 + Level 12.0 Fire Magic
 + Level 3.8 Evocations


You had 13 spell levels left.
You knew the following spells:

 Your Spells              Type           Power      Damage    Failure   Level
a - Foxfire               Conj/Fire      100%       2x1d9     1%          1
b - Scorch                Fire           100%       2d9       1%          2
c - Inner Flame           Hex/Fire       47%        N/A       1%          3
d - Flame Wave            Conj/Fire      51%        2d13      1%          4
e - Volatile Blastmotes   Fire/Tloc      86%        2d17      1%          3

Your spell library contained the following spells:

 Spells                   Type           Power      Damage    Failure   Level


Dungeon Overview and Level Annotations

Branches:
Dungeon (1/1)

Altars:
Cheibriados
Dithmenos
Elyvilon
Fedhas
Gozag
Hepliaklqana
Kikubaaqudgha
Makhleb
Nemelex Xobeh
Okawaru
Qazlal
Ru
Sif Muna
Trog
Uskayaw
Vehumet
Wu Jian
Xom
Yredelemnul
Zin
The Shining One
Jiyva
Lugonu


Innate Abilities, Weirdness & Mutations

You cannot wear most types of armour.
You are amphibious.
You can wear up to eight rings at the same time.
Your skin changes colour to match your surroundings (Stealth+).
Your rubbery body absorbs attacks. (AC +1, EV +1)
((You are camouflaged when in or above water. (Stealth+)))
You have tentacles for arms and can constrict up to eight enemies at once.


Message History

You constrict the rakshasa, but do no damage.
The rakshasa barely misses you.
Casting: Volatile Blastmotes (safe; 1% risk of failure)
Confirm with . or Enter, or press ? or * to list all spells.
Flames lash the rakshasa.
The rakshasa is moderately wounded.
The rakshasa's fire resistance burns away.
You constrict the rakshasa.
The rakshasa hits you with a +0 trident!
You hit the rakshasa but do no damage. You squeeze the rakshasa.
The rakshasa is heavily wounded.
You constrict the rakshasa, but do no damage.
The rakshasa hits you with a +0 trident!
* * * LOW HITPOINT WARNING * * *
Okay, then.
Unknown command.
Press < or > to pray at altars.
Unknown command.
Press < or > to pray at altars.
Unknown command.
Press < or > to pray at altars.
Unknown command.
Press < or > to pray at altars.
Aiming: Corrosive Bolt
Press: ? - help, Shift-Dir - straight line, f/p - rakshasa
Aim: a rakshasa, wielding a +0 trident and wearing a +0 robe (heavily wounded, constricted by you, more vulnerable to fire, 100% to hit)
The bolt of acid hits the rakshasa!
The acid corrodes the rakshasa!
The rakshasa is severely wounded.
You lose your grip on the rakshasa.
The injured rakshasa weaves a defensive illusion!
The rakshasa closely misses you.
Aiming: Corrosive Bolt
Press: ? - help, Shift-Dir - straight line, f - rakshasa
Aim: a rakshasa, wielding a +0 trident and wearing a +0 robe (severely wounded, more vulnerable to fire, covered in acid, 60% to hit)
The bolt of acid hits the rakshasa!
The rakshasa seems to be corroded for longer.
The rakshasa is almost dead.
The bolt of acid misses the rakshasa.
The now-empty wand crumbles to dust.
The rakshasa hits you with a +0 trident!
You die... ▓▓▓▓▓▓▓▓▓▓▓▓▓▓▓▓▓▓▓▓▓▓▓▓▓▓▓▓▓▓▓▓▓ ..'.....'_______@RR______________ ▓▓▓▓▓▓▓▓▓▓▓▓▓▓▓▓▓▓▓▓▓▓▓▓▓▓▓▓▓▓▓▓▓

You could see 2 rakshasas.

Vanquished Creatures
  A hydra (D)
  An unseen horror (shapeshifter) (D)
  A kobold demonologist (D)
  A shadow (D)
  A yak (D)
  A vampire (D)
  An ogre (D)
  A centaur (D)
  A gnoll sergeant (D)
  A hound (D)
  An orc wizard (D)
  An adder (D)
  A worm (D)
  A dart slug (D)
  An orc (D)
  A hobgoblin (D)
  A kobold (D)
  A ball python (D)
  A frilled lizard (D)
19 creatures vanquished.

Vanquished Creatures (others)
  3 foxfires (D)
3 creatures vanquished.

Grand Total: 22 creatures vanquished

Notes
Turn   | Place    | Note
-------+----------+-------------------------------------------
     0 | D        | Conn the Octopode Fire Elementalist began the quest for the
                  | Orb.
     0 | D        | Reached XP level 1. HP: 11/11 MP: 3/3
    30 | D        | Reached XP level 2. HP: 17/17 MP: 1/5
    35 | D        | Learned a level 2 spell: Scorch
    63 | D        | Noticed an ogre
    90 | D        | Killed an ogre
    91 | D        | Reached skill level 5 in Stealth
    91 | D        | Reached skill level 1 in Unarmed Combat
    91 | D        | Reached skill level 6 in Fire Magic
    91 | D        | Reached XP level 3. HP: 12/21 MP: 1/8
    91 | D        | Reached XP level 4. HP: 15/27 MP: 1/10
   106 | D        | Reached skill level 7 in Fire Magic
   109 | D        | HP: 1/27 [hound (4)]
   111 | D        | Reached XP level 5. HP: 2/32 MP: 1/11
   260 | D        | Learned a level 3 spell: Inner Flame
   265 | D        | Learned a level 4 spell: Flame Wave
   266 | D        | Found a snail-covered altar of Cheibriados.
   266 | D        | Found a shadowy altar of Dithmenos.
   266 | D        | Found a white marble altar of Elyvilon.
   266 | D        | Found a blossoming altar of Fedhas.
   266 | D        | Found an opulent altar of Gozag.
   267 | D        | Found a hazy altar of Hepliaklqana.
   268 | D        | Found a viscous altar of Jiyva.
   269 | D        | Found an ancient bone altar of Kikubaaqudgha.
   270 | D        | Found a corrupted altar of Lugonu.
   271 | D        | Found a burning altar of Makhleb.
   272 | D        | Found a sparkling altar of Nemelex Xobeh.
   273 | D        | Found an iron altar of Okawaru.
   274 | D        | Found a stormy altar of Qazlal.
   275 | D        | Found a sacrificial altar of Ru.
   276 | D        | Found a shimmering blue altar of Sif Muna.
   277 | D        | Found a bloodstained altar of Trog.
   278 | D        | Found a hide-covered altar of Uskayaw.
   279 | D        | Found a radiant altar of Vehumet.
   280 | D        | Found an ornate altar of the Wu Jian Council.
   281 | D        | Found a shimmering altar of Xom.
   282 | D        | Found a basalt altar of Yredelemnul.
   283 | D        | Found a glowing silver altar of Zin.
   284 | D        | Became a worshipper of Sif Muna the Loreminder
   285 | D        | Found a glowing golden altar of the Shining One.
   301 | D        | Got the +2 rapier of the Nurturing Traitor {antimagic, rF+
                  | rN+ Int+5}
   313 | D        | Noticed a centaur
   313 | D        | Noticed a yak
   313 | D        | Noticed a kobold demonologist
   313 | D        | Noticed a shadow
   320 | D        | Killed a shadow
   320 | D        | Killed a yak
   320 | D        | Killed a centaur
   320 | D        | Reached * piety under Sif Muna
   321 | D        | Reached skill level 5 in Dodging
   321 | D        | Reached skill level 9 in Fire Magic
   321 | D        | Reached XP level 6. HP: 31/40 MP: 0/15
   321 | D        | Reached XP level 7. HP: 35/45 MP: 0/17
   324 | D        | Killed a kobold demonologist
   324 | D        | Reached ** piety under Sif Muna
   325 | D        | Reached skill level 5 in Unarmed Combat
   325 | D        | Reached skill level 10 in Fire Magic
   325 | D        | Reached XP level 8. HP: 41/51 MP: 0/19
   378 | D        | Learned a level 3 spell: Volatile Blastmotes
   378 | D        | Noticed a five-headed hydra
   378 | D        | Noticed a vampire
   378 | D        | Noticed a rakshasa
   378 | D        | Noticed a troll
   378 | D        | Noticed a centaur warrior
   387 | D        | Killed a vampire
   387 | D        | Killed a five-headed hydra
   387 | D        | Killed an unseen horror
   387 | D        | Reached *** piety under Sif Muna
   388 | D        | Reached skill level 1 in Hexes
   388 | D        | Reached skill level 12 in Fire Magic
   388 | D        | Reached XP level 9. HP: 28/58 MP: 1/22
   501 | D        | Slain by a rakshasa

Illustrated notes

Levels and vault maps discovered:
D:        linesprint [early_d, line_temple, items_1, d_10, items_2, lair_1,
          lair_end, items_3, orc_1, orc_end, items_4, d_15, swamp_1, shoals_1,
          snake_1, spider_1, d_20, vaults_1, items_5, swamp_end, shoals_end,
          snake_end, spider_end, vaults_end, d_27, items_6, zot_1, zot_end,
          crypt_end, forest_end, elf_end, slime_end, tomb_end, abyss_end,
          pan_hell_end]

Skill      XL: |  1  2  3  4  5  6  7  8 |
---------------+-------------------------+-----
Stealth        | 4 5 6 7 |  7.1
Dodging        | 3 5 6 7 |  7.9
Unarmed Combat | 1 2 4 5 7 |  7.1
Spellcasting   | 4 6 7 9 |  9.0
Fire Magic     | 6 7 9 10 12 | 12.0
Fighting       | 2 3 |  3.7
Conjurations   | 2 3 |  3.5
Evocations     | 2 3 |  3.8
Hexes          | 1 |  1.8

Action                     |  1- 3 |  4- 6 |  7- 9 || total
---------------------------+-------+-------+-------++-------
  Melee: Unarmed           |    10 |    21 |       ||    31
         Constrict         |     3 |     3 |     1 ||     7
         Tentacles         |     1 |     4 |     3 ||     8
         Rapier            |       |     1 |     6 ||     7
   Cast: Foxfire           |     3 |       |       ||     3
         Scorch            |     4 |     1 |     2 ||     7
         Inner Flame       |       |     1 |     2 ||     3
         Volatile Blastmot |       |       |     1 ||     1
  Evoke: Wand              |       |     2 |     8 ||    10
    Use: Potion            |     4 |     3 |     1 ||     8
 Armour: Skin              |     2 |     2 |       ||     4
  Dodge: Dodged            |     6 |    23 |     5 ||    34

Table legend: (Time is in decaauts)
 A = Elapsed time spent in this place.
 B = Non-inter-level travel time spent in this place.
 C = Inter-level travel time spent in this place.
 D = Time resting spent in this place.
 E = Time spent auto-exploring this place.
 F = Levels seen in this place.
 G = Mean time per level.
                   A        B        C        D        E       F      G
               +--------+--------+--------+--------+--------+-----+--------+
         Total |    493 |    493 |      0 |    216 |      0 |   1 |  493.0 |
       Dungeon |    493 |    493 |      0 |    216 |      0 |   1 |  493.0 |
               +--------+--------+--------+--------+--------+-----+--------+

Top non-repeatable levels by time:
       D: 493 daAuts
